 Dungeon Crawl Stone Soup version 0.31.0-11-ge490571c62 (webtiles) character file.

Game seed: 11299809750873168177

950 CougarLife the Cleaver (level 7, -4/63 HPs)
             Began as a Minotaur Berserker on Jan 29, 2024.
             Was an Elder of Trog.
             Slain by a water moccasin (5 damage)
             ... on level 5 of the Dungeon.
             The game lasted 00:05:42 (4439 turns).

CougarLife the Cleaver (Minotaur Berserker)         Turns: 4439, Time: 00:05:43

Health: -4/63      AC:  6    Str: 24    XL:     7   Next: 90%
Magic:  6/6        EV: 11    Int:  4    God:    Trog [****..]
Gold:   69         SH:  0    Dex:  9    Spells: 6/6 levels left

rFire   . . .        a - +0 hand axe
rCold   . . .        (no shield)
rNeg    . . .        y - +0 scale mail
rPois   .            (helmet restricted)
rElec   .            (no cloak)
rCorr   .            (no gloves)
SInv    .            (no boots)
Will    .....        H - amulet of faith Stlth
                     (no ring)
HPRegen 0.30/turn    (no ring)
MPRegen 0.10/turn

%: faith
@: lethally poisoned (-4 -> -24)
A: horns 2, retaliatory headbutt
a: Renounce Religion, Berserk, Trog's Hand, Brothers in Arms


You were on level 5 of the Dungeon.
You worshipped Trog.
Trog was greatly pleased with you.
You visited 1 branch of the dungeon, and saw 5 of its levels.

You collected 589 gold pieces.
You spent 520 gold pieces at shops.

Inventory:

Hand Weapons
 a - a +0 hand axe (weapon)
Missiles
 s - 2 boomerangs (quivered)
 B - 2 javelins
Armour
 b - a +0 animal skin
 y - a +0 scale mail (worn)
Jewellery
 o - a ring of fire
 x - an amulet of the acrobat
 H - an amulet of faith (around neck)
Wands
 v - a wand of digging (5)
 z - a wand of flame (9)
 D - a wand of roots (9)
Scrolls
 d - a scroll of fear {unknown}
 h - 2 scrolls of teleportation
 l - 2 scrolls of amnesia {unknown}
 q - 6 scrolls of identify {unknown}
 r - a scroll of poison {unknown}
 t - 2 scrolls of enchant weapon {unknown}
 w - a scroll of noise {unknown}
 A - a scroll of torment {unknown}
 C - a scroll of vulnerability {unknown}
 E - a scroll of silence {unknown}
 F - a scroll of fog {unknown}
Potions
 c - a potion of might {unknown}
 e - 2 potions of heal wounds {unknown}
 f - a potion of enlightenment {unknown}
 g - 2 potions of invisibility {unknown}
 i - a potion of lignification {unknown}
 j - a potion of cancellation {unknown}
 k - 2 potions of attraction {unknown}
 m - 2 potions of haste {unknown}
 n - a potion of brilliance {unknown}
 p - a potion of curing {unknown}
 u - a potion of resistance {unknown}
 G - a potion of degeneration {unknown}


   Skills:
 - Level 6.1 Fighting
 - Level 8.0 Axes
 - Level 2.4 Armour
 + Level 6.3 Dodging


You had 6 spell levels left.
You didn't know any spells.
Your spell library was empty.

Dungeon Overview and Level Annotations

Branches:
Dungeon (5/15)
 Temple: D:4-7

Altars:
Vehumet
Zin

Shops:
D:1 *   D:5 *

Portals:
Abyss: D:3

Annotations:
D:3 2 transporters, FilthyPeasant's ghost, weakling MiBe


Innate Abilities, Weirdness & Mutations

You have a pair of horns on your head.
You reflexively headbutt those who attack you in melee.


Message History

You miss the water moccasin.
The water moccasin is moderately wounded.
You feel sick.
The water moccasin bites you but does no damage.
You are too injured to fight recklessly!
You are too injured to fight recklessly!
You are too injured to fight recklessly!
You closely miss the water moccasin.
The water moccasin is moderately wounded.
You feel sick.
The water moccasin barely misses you. x2
You barely miss the water moccasin. Your punch misses the water moccasin.
The water moccasin is moderately wounded.
You feel sick. The water moccasin closely misses you.
You closely miss the water moccasin.
The water moccasin is moderately wounded.
You feel sick. The water moccasin barely misses you.
You slash the water moccasin!
Your headbutt misses the water moccasin.
The water moccasin is heavily wounded.
You feel sick. The water moccasin barely misses you.
You slash the water moccasin!
The water moccasin is severely wounded.
You feel sick. The water moccasin bites you.
You are more poisoned.
The water moccasin poisons you! The water moccasin bites you!
* * * LOW HITPOINT WARNING * * *
You are more poisoned.
The water moccasin poisons you!
You barely miss the water moccasin.
The water moccasin is severely wounded.
* * * LOW HITPOINT WARNING * * *
You feel very sick. The water moccasin barely misses you.
You furiously retaliate!
You headbutt the water moccasin. You barely miss the water moccasin.
The water moccasin is almost dead.
* * * LOW HITPOINT WARNING * * *
You feel very sick. The water moccasin bites you.
You die...

#...........##..#..##.
#...............?.... .
...................# .#
...................##.#
.......................
#.#.....#..............
#.#.....#..........#.. .
#..#...##.##.#..#..#....
#..##.#....#.#..@.......
#..##∩#....#.#..#S.#..##
#...#.#................
#..#...#...#...?........
..#.....#...............
#.#.....#..#.#..#.......
##.........#.#..#.##..##
#.###.....#.#..#.# ..#
#.# #....#


You could see a water moccasin.

Vanquished Creatures
  A black bear (D:4)
  2 ogres
  A phantom (D:3)
  Blork the orc (D:4)
  A hound (D:5)
  2 jellies
  2 bombardier beetles
  3 orc priests
  2 sleepcaps
  An iguana (D:4)
  An orc wizard (D:5)
  3 gnolls (D:4)
  6 adders
  4 dart slugs
  2 ribbon worms
  8 orcs
  A bat (D:3)
  10 endoplasms
  3 giant cockroaches
  6 goblins
  10 hobgoblins
  7 jackals
  8 kobolds
  5 quokkas
  9 ball pythons
  9 frilled lizards
  7 rats
115 creatures vanquished.

Vanquished Creatures (others)
  A kobold (D:3)
1 creature vanquished.

Grand Total: 116 creatures vanquished

Notes
Turn   | Place    | Note
-------+----------+-------------------------------------------
     0 | D:1      | CougarLife the Minotaur Berserker began the quest for the
                  | Orb.
     0 | D:1      | Reached XP level 1. HP: 19/19 MP: 0/0
   111 | D:1      | Reached skill level 4 in Axes
   143 | D:1      | Reached XP level 2. HP: 19/27 MP: 1/1
   208 | D:1      | Found Adate's General Store.
   825 | D:2      | Reached XP level 3. HP: 27/33 MP: 2/2
   825 | D:2      | Reached ** piety under Trog
   983 | D:2      | Reached skill level 5 in Axes
  1065 | D:2      | Found a faded altar of an unknown god.
  1431 | D:3      | Found a transporter.
  1437 | D:3      | Noticed a small abomination
  1440 | D:3      | Noticed a kobold brigand
  1461 | D:3      | Reached XP level 4. HP: 10/41 MP: 3/3
  1470 | D:3      | HP: 1/41 [orc/+0 falchion (8)]
  1658 | D:3      | Noticed a phantom
  1672 | D:3      | Killed a phantom
  1673 | D:3      | Reached skill level 5 in Fighting
  1673 | D:3      | Reached skill level 6 in Axes
  1673 | D:3      | Reached XP level 5. HP: 22/48 MP: 4/4
  1914 | D:3      | Found a radiant altar of Vehumet.
  2106 | D:3      | Reached *** piety under Trog
  2201 | D:3      | Found a one-way gate to the infinite horrors of the Abyss.
  2201 | D:3      | Noticed FilthyPeasant's ghost (weakling MiBe)
  2285 | D:3      | Found a transporter.
  2499 | D:4      | Noticed a black bear
  2500 | D:4      | Noticed Blork the orc
  2508 | D:4      | Killed a black bear
  2509 | D:4      | Reached skill level 7 in Axes
  2509 | D:4      | Reached XP level 6. HP: 32/56 MP: 5/5
  2511 | D:4      | Killed Blork the orc
  3090 | D:4      | Reached skill level 8 in Axes
  3265 | D:4      | Reached XP level 7. HP: 58/63 MP: 6/6
  3832 | D:4      | Reached **** piety under Trog
  4066 | D:5      | Entered Level 5 of the Dungeon
  4097 | D:5      | Reached skill level 5 in Dodging
  4338 | D:5      | Found Soh Ewk's Neck Hole.
  4344 | D:5      | Bought an amulet of faith for 520 gold pieces
  4355 | D:5      | Found a glowing silver altar of Zin.
  4439 | D:5      | HP: 1/63 [poisoned by a water moccasin]
  4439 | D:5      | Slain by a water moccasin

Illustrated notes

Levels and vault maps discovered:
D:1:      saegor_arrival_simple_d, layout_loops_cross, serial_shops,
          nicolae_shop_tiny_statue_garden
D:2:      layout_rooms, shapermc_ecumenical_altar_rom_forum
D:3:      cheibrodos_old_hovel, layout_loops_ring, vehumet_crystals,
          gammafunk_ghost_abyssal_escape
D:4:      minmay_polygon_palace, layout_loops_ring,
          serial_library_hellmonk_room_a, uniq_blork_the_orc
D:5:      minmay_octagon_keep, layout_basic,
          grunt_temple_overflow_order_and_chaos_1,
          nicolae_elyvilon_peaceful_grove, chequers_temple_overflow_minitemple,
          serial_shops, shop, nicolae_shop_sticking_my_neck_out

Skill      XL: |  1  2  3  4  5  6  7 |
---------------+----------------------+-----
Axes           | 4 5 6 7 8 |  8.0
Fighting       | 4 5 6 |  6.1
Dodging        | 6 |  6.3
Armour         | |  2.4

Action                     |  1- 3 |  4- 6 |  7- 9 || total
---------------------------+-------+-------+-------++-------
  Melee: Hand axe          |    83 |    97 |    86 ||   266
         Headbutt          |    15 |    10 |    17 ||    42
         Punch             |     1 |     1 |       ||     2
 Invoke: Berserk           |     1 |     1 |     1 ||     3
         Trog's Hand       |       |     1 |       ||     1
   Stab: Sleeping          |     2 |     2 |       ||     4
 Armour: Animal skin       |    39 |    47 |       ||    86
         Scale mail        |       |    32 |    37 ||    69
  Dodge: Dodged            |    42 |    67 |    58 ||   167
